Description

This is an 3 melee, 3 carapace build for Zerg. your army will consist of Zerglings, Banelings and Infestors.

Replay - 3 3 ling bane infestor

Build Order

Get SALT Encoding   

  12  0:01  Drone  
  13  0:13  Overlord  
  13  0:17  Drone  
  14  0:31  Drone x2  
  16  0:36  Drone  
  17  0:54  Hatchery  
  16  0:57  Drone  
  16  1:00  Drone  
  16  1:03  Extractor  
  17  1:08  Drone  
  18  1:20  Spawning Pool  
  18  1:23  Drone  
  18  1:34  Drone  
  19  1:42  Overlord  
  19  1:52  Drone  
  20  2:11  Metabolic Boost  Meta + Extractor + 2*Queen + 2*set zergling when pool is done
  20  2:14  Queen x2  
  20  2:15  Extractor  
  23  2:16  Zergling x4  
  23  2:18  Drone  
  26  2:33  Drone x3  
  29  2:51  Evolution Chamber  Double evo chamber at 100 gas (stop droning when evo ½ done)
  28  2:54  Evolution Chamber  
  28  2:58  Drone  
  28  2:59  Drone x4  
  28  3:04  Overlord  
  32  3:17  Zerg Ground Armor Level 1  Have the evos working nonstop from now on
  32  3:21  Zerg Melee Weapons Level 1  
  32  3:24  Drone  
  33  3:29  Drone  
  33  3:30  Drone  
  35  3:42  Drone x3  
  35  3:43  Drone x2  
  35  3:47  Drone  
  35  3:48  Drone  
  42  3:56  Drone x2  
  44  4:09  Hatchery   At 44 supply get Hatch + Lair + Overlord + Baneling Nest + Queen
  43  4:13  Lair  
  43  4:15  Overlord  
  43  4:21  Baneling Nest  
  42  4:27  Overlord, Drone  
  42  4:28  Drone  
  44  4:37  Queen  
  46  4:51  Drone  
  46  4:52  Drone x9  
  56  4:59  Extractor   Get double Extractor when 2. base is fully sat. And remember to Overlord
  55  5:00  Extractor  
  54  5:15  Zerg Melee Weapons Level 2, Zerg Ground Armor Level 2  When Lair is done do 2 2 + Pit + Bane speed
  54  5:22  Infestation Pit  
  53  5:50  Centrifical Hooks  
  53  6:01  Drone x2  
  53  6:02  Drone x11  
  66  6:04  Overlord  
  66  6:05  Overlord x3  
  66  6:12  Hive  When Infestor Pit is done do Hive + Infestor energy.. When Hive is done do 3 3 + Zergling attack speed
  66  6:22  Queen x2  
  70  6:36  Pathogen Glands  
  70  6:37  Extractor  
  70  6:38  Extractor  
  68  6:41  Baneling x4  
  68  6:57  Queen  
  68  6:58  Queen  
  72  7:23  Drone  
  72  7:24  Drone x10  
  83  7:30  Zergling x6  
  83  7:31  Zergling x24  
Spawning Tool Build Advisor. Get it on Overwolf

Analysis

Build the amount of Zerglings and Banlings depending on what you scout. For scouting you can use the overlord (but dont let it die) and the zerglings. mid game you can use an overseer from the already inplace overlords. if they go with a lot of air go with queens+spoors if they get hellbats go with extra banelings. When the infestorsts come out you can do a fungel growth and whatever they have should be an easy target for your upgraded banes/zerglings. if your army gets rekt lategame switch to ultras.

Go to:

Details

  • Created by: AHS
  • Published on: Oct 14, 2016
  • Modified on: Oct 14, 2016
  • Patch: Pre-3.8.0
Show
View Real Time Build Order
Export as new Build Order

Comments (4)

On Oct. 19, 2016, 11:06 a.m., StoicLoofah  said:

Dang, that's unfortunate. Sorry I can't be more helpful here, but I don't really know too much about how the SALT maps work.

As a shameless plug, you can try it out in our overwolf app, and maybe that will work better for you! =)

On Oct. 18, 2016, 10:34 p.m., AHS  said:

I have now tried the Salt encoding on the Ohana 2 player map with Zerg as the chosen race on NA and it still doesnt work for me.. But if it works for everyone else its not a problem, I do remember most of the BO.

On Oct. 17, 2016, 10:36 p.m., StoicLoofah  said:

I just tried it on the Ohana SALT map on NA, and it looked like the encoding worked fine. I did switch my race to Zerg first before loading the build order, though. Are you still having problems with the encoding?

On Oct. 14, 2016, 3:57 p.m., AHS  said:

The salt encoding does not work. For some reason you spawn as toss, but if you follow the first 20 supply and read the notes you have the build. but do build some army when the bases are saturated.

Create an account to comment!